 Dungeon Crawl Stone Soup version 0.22-a0-565-gfc6459a (webtiles) character file.

48 Amnesiac the Digger (level 3, -1/16 HPs)
             Began as a Spriggan Earth Elementalist on June 28, 2018.
             Was a Follower of Makhleb.
             Slain by a quokka (3 damage)
             ... on level 3 of the Dungeon.
             The game lasted 00:01:25 (672 turns).

Amnesiac the Digger (Spriggan Earth Elementalist)    Turns: 672, Time: 00:01:25

Health: -1/16      AC:  2    Str:  4    XL:     3   Next: 50%
Magic:  1/9        EV: 18    Int: 17    God:    Makhleb [*.....]
Gold:   28         SH:  0    Dex: 16    Spells: 8/9 levels left

rFire    . . .     SeeInvis +   (weapon restricted)
rCold    . . .     Gourm    .   (shield restricted)
rNeg     . . .     Faith    .   c - +0 robe
rPois    .         Spirit   .   (helmet restricted)
rElec    .         Reflect  .   (no cloak)
rCorr    .         Harm     .   (gloves unavailable)
MR       .....                  (boots unavailable)
Stlth    ++........             (no amulet)
HPRegen  0.05/turn              (no ring)
MPRegen  0.11/turn              (no ring)

@: very quick
A: very small, unfitting armour, see invisible, herbivore, speed 3, slow
metabolism 2
a: Renounce Religion


You were on level 3 of the Dungeon.
You worshipped Makhleb.
Makhleb was aware of your devotion.
You were not hungry.

You visited 1 branch of the dungeon, and saw 3 of its levels.

You collected 28 gold pieces.

Inventory:

Missiles
 b - 24 stones (quivered)
Armour
 c - a +0 robe (worn)
Scrolls
 e - 2 scrolls of immolation {!r}
Comestibles
 d - 3 rations


   Skills:
 - Level 3.0 Dodging
 - Level 3.0 Stealth
 + Level 3.5 Spellcasting
   Level 1.3 Transmutations
 * Level 3.7 Earth Magic


You had 8 spell levels left.
You knew the following spells:

 Your Spells              Type           Power        Failure   Level  Hunger
a - Sandblast             Erth           ###...       3%          1    None

Your spell library contained the following spells:

 Spells                   Type           Power        Failure   Level  Hunger
 Stone Arrow              Conj/Erth      #.....       22%         3    ###....
 Passwall                 Tmut/Erth      ##......     9%          2    ##.....
 Lee's Rapid Deconstruct  Erth           ###.......   69%         5    ######.
 Petrify                  Tmut/Erth      ##......     50%         4    ####...


Dungeon Overview and Level Annotations

Branches:
Dungeon (3/15)

Altars:
Hepliaklqana
Makhleb


Innate Abilities, Weirdness & Mutations

You are very small and have problems with some larger weapons.
You are too small for most types of armour.
You have supernaturally acute eyesight. (SInv)
You are a herbivore.
You cover ground extremely quickly.
You need to consume almost no food.


Message History

A gnoll is nearby!
Casting: Sandblast (safe; 3% risk of failure)
Confirm with . or Enter, or press ? or * to list all spells.
You don't have enough magic to cast that spell.
Casting: Sandblast (safe; 3% risk of failure)
Confirm with . or Enter, or press ? or * to list all spells.
You don't have enough magic to cast that spell.
Casting: Sandblast (safe; 3% risk of failure)
Confirm with . or Enter, or press ? or * to list all spells.
You don't have enough magic to cast that spell.
Casting: Sandblast (safe; 3% risk of failure)
Confirm with . or Enter, or press ? or * to list all spells.
You don't have enough magic to cast that spell.
The gnoll completely misses you.
Casting: Sandblast (safe; 3% risk of failure)
Confirm with . or Enter, or press ? or * to list all spells.
You don't have enough magic to cast that spell.
The gnoll hits you from afar with a spear!
Ouch! That really hurt!
* * * LOW HITPOINT WARNING * * *
Found 3 gold pieces.
You see here 3 gold pieces.
The adder hisses angrily.
A frilled lizard comes into view.
The frilled lizard hisses angrily.
You hear the brisk rusting of a distant drain.
A quokka comes into view.
The quokka closely misses you.
You closely miss the quokka. The quokka barely misses you.
You hit the quokka but do no damage. The quokka closely misses you.
You barely miss the quokka. The quokka misses you.
A hobgoblin comes into view. It is wielding a club.
You closely miss the quokka.
The quokka bites you but does no damage.
The frilled lizard misses you. The quokka barely misses you.
The quokka twitches its whiskers.
Really read
e - 3 scrolls labeled ERGHET UMOSEZ {!r}?
As you read the scroll labeled ERGHET UMOSEZ {!r}, it crumbles to dust.
The creatures around you are filled with an inner flame!
It was a scroll of immolation {!r}.
Really quaff
a - an orange potion {!q}?
It was a potion of cancellation {!q}.
You feel magically purged. The quokka misses you.
Casting: Sandblast (safe; 3% risk of failure)
Confirm with . or Enter, or press ? or * to list all spells.
Aiming: Sandblast (safe; 3% risk of failure)
Press: ? - help, Shift-Dir - straight line, f - quokka
Aim: a quokka (inner flame)
The blast of sand hits the quokka.
The quokka is severely wounded.
b - 25 stones The quokka bites you.
* * * LOW HITPOINT WARNING * * *
Casting: Sandblast (safe; 3% risk of failure)
Confirm with . or Enter, or press ? or * to list all spells.
Aiming: Sandblast (safe; 3% risk of failure)
Press: ? - help, Shift-Dir - straight line, f/p - quokka
Aim: a quokka (severely wounded, inner flame)
The blast of sand misses the quokka.
The blast of sand hits the adder.
The adder is severely wounded.
b - 24 stones The quokka bites you.
You die...

### ### #@# ##.# #r# #.....
#S# #.##.# #l# #.##.###
####.#########.##.... .
#..............##.### ...
#....########..##$###
.g...##...........#..##....
...........................


You could see an adder (inner flame), a quokka (inner flame) and a frilled
lizard (inner flame).

Vanquished Creatures
  2 gnolls (D:3)
  An adder (D:3)
  An orc (D:3)
  A giant cockroach (D:3)
  A goblin (D:3)
  3 hobgoblins
  4 jackals (D:3)
  2 kobolds
  2 frilled lizards
17 creatures vanquished.

Notes
Turn   | Place    | Note
-------+----------+-------------------------------------------
     0 | D:1      | Amnesiac the Spriggan Earth Elementalist began the quest for the Orb.
     0 | D:1      | Reached XP level 1. HP: 9/9 MP: 5/5
    65 | D:2      | Found a hazy altar of Hepliaklqana.
   164 | D:3      | Found a faded altar of an unknown god.
   172 | D:3      | Became a worshipper of Makhleb the Destroyer
   172 | D:3      | Reached * piety under Makhleb
   189 | D:3      | Reached XP level 2. HP: 7/13 MP: 0/7
   592 | D:3      | Reached XP level 3. HP: 7/16 MP: 1/8
   672 | D:3      | Slain by a quokka

Vault maps used:
D:1:      dpeg_arrival_pond
D:2:      nicolae_overflow_crystal_walls, first_ration,
          kennysheep_generic_room_10
D:3:      chequers_ecumenical_altar_simple_redux, portal_sewer_entry_d,
          grunt_ministairs_8, minivault_23, minmay_distorted

Skill      XL: |  1 |
---------------+----+-----
Spellcasting   | 3 |  3.5
Earth Magic    | 3 |  3.7
Dodging        | |  3.0
Stealth        | |  3.0
Transmutations | |  1.3

Action                   || total
-------------------------++-------
Melee: Unarmed           ||    14
 Cast: Sandblast         ||    34
  Use: Scroll            ||     2
       Potion            ||     1
Armor: Robe              ||     2
Dodge: Dodged            ||    38

Table legend:
 A = Spawn XP
 B = Non-spawn XP
 C = Spawn XP percentage of total XP
 D = Spawn monster count
 E = Non-spawn monster count
 F = Spawn count percentage of total count
 G = Total turns spent on level
                    A         B        C        D         E        F      G
               +---------+---------+-------+---------+---------+-------+---------
         Total |       0 |      69 |   0.0 |       0 |      17 |   0.0 |   672
               +---------+---------+-------+---------+---------+-------+---------
           D:1 |       0 |       2 |   0.0 |       0 |       1 |   0.0 |    59
           D:2 |       0 |       3 |   0.0 |       0 |       2 |   0.0 |   104
           D:3 |       0 |      64 |   0.0 |       0 |      14 |   0.0 |   509
               +---------+---------+-------+---------+---------+-------+---------
